Map: [ESL] Hecate

Players

Nice - Winner!

  • Race: Protoss Protoss
  • Spawn Location: 7:00

XYXY (XY)

  • Race: Terran Terran
  • Spawn Location: 1:00

Event: ESL SC2 Masters 2023 Winter (Regional)

VOD

Have the link to the VOD?

Description

Time

  • Played on: Nov. 3, 2023, 7:40 a.m.
  • Length: 13:43

All games in this series

Show
View Real Time Build Order
Export as new Build Order

Nice Protoss - Winner!

Build Orders: 1 Gate Expand, Oracle Opening 

Get SALT Encoding   

  12  0:00  Probe  
  13  0:12  Probe  
  14  0:17  Pylon  
  14  0:24  Probe (Chrono Boost)  
  16  0:36  Gateway  
  16  0:37  Probe (Chrono Boost)  
  16  0:42  Probe (Chrono Boost)  
  16  0:46  Assimilator  
  17  0:52  Probe  
  18  1:04  Probe  
  19  1:16  Probe  
  20  1:23  Nexus  
  20  1:31  Cybernetics Core  
  20  1:38  Assimilator  
  20  1:40  Probe  
  21  1:48  Pylon  
  21  1:52  Probe  
  22  2:04  Probe  
  22  2:05  Adept (Chrono Boost)  
  24  2:11  Shield Battery  
  24  2:16  Probe  
  24  2:22  Stargate  
  25  2:28  Adept (Chrono Boost)  
  27  2:31  Probe  
  28  2:37  Warp Gate  
  28  2:43  Probe x2  
  30  2:53  Adept (Chrono Boost)  
  30  2:55  Probe x2  
  34  3:06  Oracle (Chrono Boost)  
  34  3:07  Probe  
  34  3:08  Probe  
  39  3:14  Shield Battery  
  39  3:23  Probe, Adept  
  39  3:24  Probe  
  43  3:34  Oracle (Chrono Boost)  
  43  3:40  Probe  
  46  3:45  Probe  
  46  3:54  Gateway  
  46  3:57  Gateway  
  46  4:04  Probe x2  
  46  4:12  Pylon  
  46  4:22  Pylon  
  46  4:23  Pylon  
  46  4:30  Robotics Facility, Probe (Chrono Boost)  
  48  4:34  Stalker  
  48  4:36  Probe (Chrono Boost)  
  54  4:41  Probe (Chrono Boost)  
  54  4:43  Void Ray  
  54  4:44  Assimilator, Probe (Chrono Boost)  
  56  4:46  Assimilator  
  58  4:52  Probe (Chrono Boost)  
  58  4:54  Probe (Chrono Boost)  
  58  4:58  Probe (Chrono Boost)  
  58  4:59  Probe (Chrono Boost)  
  60  5:09  Probe  
  61  5:15  Probe  
  61  5:16  Nexus  
  61  5:18  Observer  
  61  5:19  Forge  
  63  5:23  Twilight Council, Probe (Chrono Boost)  
  63  5:27  Pylon  
  63  5:28  Probe (Chrono Boost)  
  66  5:37  Gateway  
  66  5:40  Probe (Chrono Boost)  
  66  5:41  Probe (Chrono Boost)  
  67  5:45  Probe (Chrono Boost)  
  67  5:47  Probe (Chrono Boost)  
  69  5:54  Protoss Ground Weapons Level 1, Probe  
  70  5:59  Gateway x2, Probe  
  70  6:01  Blink (Chrono Boost)  
  71  6:06  Probe  
  71  6:09  Gateway  
  72  6:12  Sentry x2  
  72  6:13  Sentry  
  78  6:20  Shield Battery  
  78  6:24  Gateway  
  78  6:26  Pylon  
  78  6:27  Probe  
  78  6:31  Pylon  
  78  6:34  Probe x2  
  78  6:36  Sentry x2  
  78  6:38  Sentry  
  78  6:39  Probe  
  87  6:44  Observer (Chrono Boost)  
  88  6:50  Shield Battery  
  88  6:52  Photon Cannon  
  91  6:56  Stalker x3  
  91  6:58  Probe x2  
  96  7:03  Observer  
  97  7:10  Pylon  
  97  7:11  Photon Cannon  
  97  7:12  Pylon  
  97  7:16  Photon Cannon  
  97  7:25  Stalker  
  97  7:26  Stalker x4  
  107  7:34  Charge (Chrono Boost)  
  111  7:39  Probe x3  
  111  7:41  Assimilator  
  114  7:44  Assimilator, Immortal  
  114  7:48  Pylon  
  108  7:55  Probe  
  108  7:56  Protoss Ground Weapons Level 2 (Chrono Boost)  
  110  7:58  Pylon  
  110  8:00  Probe, Pylon  
  110  8:01  Pylon  
  110  8:04  Forge  
  110  8:09  Zealot x3  
  116  8:13  Robotics Bay  
  116  8:23  Immortal (Chrono Boost)  
  120  8:28  Shield Battery  
  120  8:34  Stalker  
  120  8:35  Stalker x2  
  120  8:36  Stalker  
  128  8:43  Zealot x3  
  134  8:51  Zealot  
  134  8:53  Protoss Ground Armor Level 1 (Chrono Boost)  
  134  8:58  Extended Thermal Lance (Chrono Boost)  
  134  9:02  Colossus (Chrono Boost)  
  138  9:14  Templar Archives  
  136  9:25  Pylon  
  136  9:27  Zealot x8  
  149  9:33  Pylon  
  149  9:42  Pylon  
  149  9:43  Pylon  
  149  9:45  Pylon  
  148  9:46  Observer (Chrono Boost)  
  149  9:53  High Templar  
  149  9:54  High Templar  
  149  10:00  Colossus  
  149  10:01  Pylon  
  149  10:02  Archon  
  149  10:06  Protoss Ground Weapons Level 3 (Chrono Boost)  
  155  10:10  Observer  
  155  10:13  Zealot x6  
  148  10:35  High Templar x2  
  150  10:39  Nexus  
  150  10:40  Archon, Shield Battery  
  150  10:41  High Templar x2  
  152  10:42  Photon Cannon  
  152  10:43  Probe x3  
  152  10:47  Archon  
  155  10:53  Protoss Ground Armor Level 2 (Chrono Boost)  
  155  10:55  Zealot x4, Probe x2  
  163  11:02  Colossus  
  163  11:07  Shield Battery  
  162  11:11  Probe x3  
  164  11:23  Probe  
  164  11:24  Gateway  
  165  11:26  Gateway, Probe  
  165  11:27  Gateway  
  165  11:31  Gateway  
  166  11:38  High Templar x4  
  174  11:44  Archon x2  
  172  11:51  Zealot x3  
  172  11:52  Observer  
  178  11:55  Warp Prism (Chrono Boost)  
  178  11:58  Photon Cannon  
  178  12:09  Gravitic Boosters (Chrono Boost), Pylon  
  178  12:11  High Templar x2, Zealot x4  
  190  12:17  Archon  
  188  12:37  Zealot x6  
  200  12:55  Dark Shrine  
  200  13:00  Pylon  
  200  13:07  Pylon  
  196  13:24  Zealot x12  
Show
View Real Time Build Order
Export as new Build Order

XYXY Terran 

Build Orders:  

Get SALT Encoding   

  12  0:00  SCV  
  13  0:12  SCV  
  14  0:17  Supply Depot  
  14  0:24  SCV  
  15  0:38  SCV  
  15  0:39  Barracks  
  16  0:42  Refinery  
  16  0:50  SCV  
  16  0:52  Refinery  
  17  1:02  SCV  
  18  1:14  SCV  
  19  1:20  Supply Depot  
  19  1:27  Reaper  
  19  1:28  Orbital Command  
  20  1:43  Factory  
  20  1:53  SCV  
  21  1:59  Barracks Reactor  
  21  2:05  SCV  
  22  2:17  SCV  
  22  2:20  Command Center  
  23  2:26  Supply Depot  
  24  2:30  SCV  
  24  2:41  Hellion  
  24  2:42  Hellion, SCV  
  29  2:50  Starport  
  29  2:51  Barracks Tech Lab  
  29  2:54  SCV  
  30  3:03  Widow Mine x2  
  34  3:06  SCV  
  35  3:18  SCV  
  36  3:27  Viking  
  36  3:30  SCV  
  36  3:33  Marine x2  
  41  3:38  Cyclone  
  41  3:43  SCV  
  41  3:45  Orbital Command  
  39  3:50  Marine  
  39  3:51  Marine  
  39  3:55  SCV  
  42  4:00  Viking  
  42  4:07  SCV  
  40  4:11  Marine x2  
  40  4:13  Cyclone  
  40  4:14  Supply Depot  
  44  4:21  SCV x2  
  46  4:29  Marine x2  
  48  4:33  SCV x2  
  48  4:34  Barracks, Starport Tech Lab  
  50  4:45  SCV x2  
  52  4:46  Supply Depot  
  52  4:48  Marine  
  53  4:55  Engineering Bay  
  53  4:57  SCV x2  
  53  4:59  Barracks  
  55  5:06  Starport Reactor, Marine x2  
  57  5:09  SCV x2  
  57  5:10  Supply Depot  
  57  5:11  Refinery  
  59  5:16  Factory Reactor  
  59  5:21  SCV x2  
  59  5:24  Terran Infantry Weapons Level 1, Supply Depot  
  59  5:28  Marine x2  
  61  5:29  Marauder  
  61  5:30  Stimpack  
  61  5:33  SCV x2  
  67  5:40  Refinery  
  67  5:45  SCV x2  
  67  5:48  Marine  
  70  5:50  Marine  
  70  5:51  Marauder  
  70  5:54  Widow Mine x2  
  70  5:55  Combat Shield  
  70  5:56  Marauder  
  79  5:57  SCV, Medivac  
  79  6:00  Medivac  
  79  6:01  SCV  
  84  6:09  SCV  
  78  6:13  SCV, Marine x3  
  78  6:16  Supply Depot x2  
  78  6:17  Marine  
  83  6:19  Widow Mine  
  83  6:22  SCV  
  86  6:36  Command Center  
  86  6:37  SCV x2  
  88  6:40  Supply Depot x2  
  88  6:45  Medivac  
  88  6:46  Medivac  
  92  6:49  SCV  
  92  6:54  Marauder x2  
  97  6:55  Marine x2  
  99  7:03  SCV  
  99  7:04  Barracks, SCV  
  101  7:09  Widow Mine  
  101  7:11  Widow Mine  
  105  7:15  SCV  
  105  7:19  Terran Infantry Armor Level 1  
  105  7:21  Barracks  
  101  7:23  SCV  
  101  7:28  SCV  
  102  7:32  Marine x2, Marauder x2  
  102  7:35  SCV  
  109  7:40  SCV  
  109  7:41  Supply Depot  
  110  7:47  SCV  
  111  7:52  Widow Mine x2, SCV  
  111  7:57  Barracks Reactor, Armory, Engineering Bay  
  116  7:59  SCV  
  116  8:00  Marauder x2  
  116  8:04  SCV  
  122  8:11  SCV  
  123  8:13  Widow Mine x2  
  123  8:16  SCV  
  123  8:19  Barracks Tech Lab, Marine  
  128  8:20  Marine  
  128  8:21  Orbital Command, Marauder x2  
  128  8:24  SCV  
  135  8:35  Marine, Widow Mine x2  
  140  8:43  Marauder  
  140  8:48  Supply Depot x2  
  140  8:51  Supply Depot  
  140  8:52  Supply Depot, SCV  
  141  8:58  Terran Infantry Weapons Level 2  
  141  9:05  SCV x2  
  141  9:08  Marauder  
  141  9:09  SCV  
  143  9:14  Widow Mine x2  
  145  9:17  SCV x2  
  145  9:20  Engineering Bay  
  145  9:22  Medivac  
  145  9:23  Medivac  
  145  9:24  Marauder  
  152  9:25  SCV  
  152  9:31  SCV x2  
  152  9:36  Terran Infantry Armor Level 2  
  152  9:37  SCV  
  155  9:41  Supply Depot  
  155  9:43  Marauder  
  155  9:44  Marine, Marauder  
  160  9:54  Supply Depot  
  160  9:56  Marine, Supply Depot, Marauder  
  160  9:57  Marine x2  
  163  10:04  Marine  
  163  10:05  Marauder  
  159  10:14  Concussive Shells  
  157  10:27  Command Center  
  157  10:29  Marauder  
  157  10:32  Marauder  
  161  10:41  SCV x2, Ghost Academy  
  163  10:44  Marauder  
  163  10:47  Marine x2  
  167  10:50  Marauder  
  167  10:54  Marauder  
  167  10:55  Marine x2  
  166  10:58  SCV x2  
  166  10:59  SCV  
  162  11:10  Viking x2, SCV x2  
  168  11:15  SCV  
  169  11:25  SCV x2  
  171  11:26  Ghost x2  
  171  11:30  Ghost  
  177  11:39  Marine  
  177  11:40  Marine x2  
  180  11:48  Viking x2  
  182  11:55  Ghost  
  182  12:00  Ghost  
  186  12:08  Ghost, Refinery  
  186  12:09  Refinery  
  188  12:16  SCV  
  188  12:17  SCV x2  
  191  12:25  Planetary Fortress  
  191  12:34  Viking  
  192  12:42  Viking  
  194  13:01  Barracks x2  
  194  13:04  Viking  
  196  13:12  Viking  
Tags
 
Add a new tag
Caveats
  • Supply blocks, unpowered buildings, or Contaminate may cause inaccurate times.
  • Supply counts are checked every 10 seconds.